 Dungeon Crawl Stone Soup version 0.29.0-11-gd7f09526c8 (webtiles) character file.

Game seed: 13348594432718688549

103 smilodon the Trooper (level 4, -2/35 HPs)
             Began as a Demonspawn Fighter on Sept 5, 2022.
             Slain by a black bear (3 damage)
             ... on level 3 of the Dungeon.
             The game lasted 00:08:43 (3230 turns).

smilodon the Trooper (Demonspawn Fighter)           Turns: 3230, Time: 00:08:45

Health: -2/35      AC:  8    Str: 15 (18) XL:     4   Next: 51%
Magic:  4/4        EV:  9    Int:  9 (10) God:
Gold:   125        SH:  4    Dex: 12      Spells: 3/3 levels left

rFire   . . .      SeeInvis .   f - +0 dagger (venom)
rCold   . . .      Faith    .   c - +0 buckler
rNeg    . . .      Spirit   .   b - +0 scale mail
rPois   .          Reflect  .   (no helmet)
rElec   .          Harm     .   (no cloak)
rCorr   .          Rampage  .   (no gloves)
Will    .....                   j - +0 pair of boots
Stlth   ..........              (no amulet)
HPRegen 0.11/turn               (no ring)
MPRegen 0.09/turn               (no ring)

@: no status effects
A: demonic magic 1, weakness stinger 1
a: no special abilities


You were on level 3 of the Dungeon.
You visited 1 branch of the dungeon, and saw 3 of its levels.

You collected 125 gold pieces.

Inventory:

Hand Weapons
 a - a +0 war axe
 e - a +2 dagger of protection
 f - a +0 dagger of venom (weapon)
Missiles
 g - 2 javelins (quivered)
Armour
 b - a +0 scale mail (worn)
 c - a +0 buckler (worn)
 j - a +0 pair of boots (worn)
Wands
 i - a wand of roots (6)
Scrolls
 h - a scroll of vulnerability {unknown}
 k - a scroll of teleportation
 l - a scroll of enchant armour
Potions
 d - 3 potions of curing
 m - a potion of might


   Skills:
 + Level 3.4 Fighting
 * Level 1.6 Short Blades
 - Level 1.8 Axes
 + Level 3.4 Armour
 + Level 0.6 Dodging
 + Level 0.5 Stealth
 + Level 3.2 Shields


You had 3 spell levels left.
You didn't know any spells.
Your spell library contained the following spells:

 Spells                   Type           Power      Damage    Failure   Level
 Static Discharge         Conj/Air       0%         3-3/arc   97%         2
 Gell's Gravitas          Tloc           0%         N/A       99%         3
 Ozocubu's Armour         Ice            0%         N/A       99%         3
 Teleport Other           Tloc           0%         N/A       99%         3
 Lightning Bolt           Conj/Air       0%         1d11      100%        5
 Metabolic Englaciation   Hex/Ice        0%         N/A       100%        5
 Dispersal                Tloc           0%         N/A       100%        6
 Simulacrum               Ice/Necr       0%         N/A       100%        6
 Maxwell's Capacitive Co  Air            0%         ∞         100%        8


Dungeon Overview and Level Annotations

Branches:
Dungeon (3/15)

Altars:

Shops:
D:1 (:[:[


Innate Abilities, Weirdness & Mutations

Spells you cast may paralyse adjacent enemies.
You have a small tail.


Message History

You block the black bear's attack.
You hit the black bear.
The black bear is severely wounded.
The black bear goes berserk!
You hit the black bear.
The black bear is almost dead.
The black bear bites you but does no damage.
The black bear claws you but does no damage. x2
The black bear attacks as you move away!
The black bear bites you.
The black bear claws you but does no damage.
The black bear barely misses you.
The black bear rages.
The black bear bites you but does no damage.
You block the black bear's attack.
The black bear claws you but does no damage.
Your +2 dagger of protection goes still.
Your +0 dagger of venom begins to drip with poison!
f - a +0 dagger of venom (weapon)
You block the black bear's attack. The black bear completely misses you.
The black bear claws you but does no damage.
You closely miss the black bear.
You tail-slap the black bear, but do no damage.
The black bear is severely wounded.
The black bear bites you!
The black bear claws you but does no damage.
The black bear misses you.
You hit the black bear but do no damage.
The black bear is poisoned.
The black bear is severely wounded.
The black bear bites you but does no damage.
The black bear claws you but does no damage.
You block the black bear's attack.
The black bear attacks as you move away!
The black bear barely misses you.
The black bear claws you but does no damage.
The black bear claws you. The black bear bites you!
* * * LOW HITPOINT WARNING * * *
The black bear claws you.
You die...

#..#.†.#.##.#>#..(##....
.....#.#....#....(.#....
#..###.#<.#####.....# ##.##
#...........#......## #...#
###########.#.#...## #...# #
#########...##.###### #...#
###....[>.#####.......# #...#####
..#.......# #.h####.###........
#.#.......#####.@###......)......
#.#.......(...#..#...............
#.#.......###.#.............>....
#.#.......# #.#..#.#..#.#.....###
#.#.......# #.#.......#..........
........### #......#.##.....#.###
##.####.#######..###.##.....#.#
#.##..............÷........#.#
#.##.#.###########.###.......#


You could see a black bear (berserk, very poisoned).

Vanquished Creatures
  3 adders (D:2)
  3 worms
  7 endoplasms
  A giant cockroach (D:3)
  8 goblins
  4 hobgoblins
  7 jackals
  4 quokkas
  7 ball pythons
  2 bats
  3 frilled lizards
  10 kobolds
  6 rats
65 creatures vanquished.

Notes
Turn   | Place    | Note
-------+----------+-------------------------------------------
     0 | D:1      | smilodon the Demonspawn Fighter began the quest for the
                  | Orb.
     0 | D:1      | Reached XP level 1. HP: 18/18 MP: 1/1
   242 | D:1      | Found a faded altar of an unknown god.
   348 | D:1      | Found Tigh's Armour Boutique.
   362 | D:1      | Gained mutation: You have a small tail. [demonic ancestry]
   362 | D:1      | Reached XP level 2. HP: 20/24 MP: 2/2
   540 | D:1      | Found Midoa's Book Shop.
   594 | D:1      | Reached skill level 1 in Short Blades
   812 | D:1      | Found Boibyw's Antique Armour Shoppe.
   927 | D:1      | Found Vuts's Antique Weapon Shop.
   969 | D:1      | Reached XP level 3. HP: 29/29 MP: 3/3
  1182 | D:1      | Found Pamus's Book Boutique.
  2233 | D:2      | Gained mutation: Spells you cast may paralyse adjacent
                  | enemies. [demonic ancestry]
  2233 | D:2      | Reached XP level 4. HP: 32/35 MP: 4/4
  3214 | D:3      | Noticed a black bear
  3230 | D:3      | HP: 1/35 [black bear (10)]
  3230 | D:3      | Slain by a black bear

Illustrated notes

Levels and vault maps discovered:
D:1:      dpeg_arrival_simpleton_b, layout_basic,
          nicolae_ecumenical_lake_church, serial_shops,
          nicolae_shop_advertising_works [nicolae_subvault_shop_adworks],
          nicolae_shop_hallway_plus, nicolae_shop_trees, nicolae_shop_stone,
          nicolae_shop_trees
D:2:      minmay_skewed_foursquare, layout_rooms,
          chequers_serial_rivers_large_a, minmay_three_crescents
D:3:      layout_loops_cross

Skill      XL: |  1  2 |
---------------+-------+-----
Shields        | 3 |  3.2
Short Blades   | 1 |  1.6
Armour         | 3 |  3.4
Fighting       | |  3.4
Axes           | |  1.8
Dodging        | |  0.6
Stealth        | |  0.5

Action                   |  1- 3 |  4- 6 || total
-------------------------+-------+-------++-------
Melee: War axe           |    19 |       ||    19
       Dagger            |   140 |    83 ||   223
       Tailslap          |    10 |    12 ||    22
Throw: Javelin           |       |     4 ||     4
Evoke: Wand              |       |     1 ||     1
  Use: Potion            |     5 |     1 ||     6
       Scroll            |     2 |     4 ||     6
Armor: Scale mail        |    76 |    71 ||   147
Dodge: Dodged            |    55 |    45 ||   100
Block: Buckler           |    28 |    26 ||    54
